Map: Avalon Labs

Players

Loken - Winner!

  • Race: Protoss Protoss
  • League: Platinum
  • Spawn Location: 12:00

dallaskuken - Winner!

  • Race: Protoss Protoss
  • League: Platinum
  • Spawn Location: 12:00

Myran - Winner!

  • Race: Protoss Protoss
  • Spawn Location: 11:00

AzErGtY

  • Race: Terran Terran
  • League: Diamond
  • Spawn Location: 6:00

BigCartmanX

  • Race: Protoss Protoss
  • League: Diamond
  • Spawn Location: 5:00

marjito

  • Race: Protoss Protoss
  • Spawn Location: 6:00

VOD

Have the link to the VOD?

Description

Time

  • Played on: April 4, 2017, 5:27 p.m.
  • Length: 7:14
Show
View Real Time Build Order
Export as new Build Order

Loken Protoss - Winner!

Build Orders:  

Get SALT Encoding   

  12  0:03  Probe (Chrono Boost)  
  13  0:13  Probe (Chrono Boost)  
  14  0:18  Pylon  
  14  0:24  Probe (Chrono Boost)  
  15  0:37  Gateway  
  15  0:39  Probe (Chrono Boost)  
  16  0:51  Gateway  
  16  0:54  Probe (Chrono Boost)  
  17  1:09  Probe (Chrono Boost)  
  18  1:12  Assimilator  
  18  1:20  Probe (Chrono Boost)  
  18  1:25  Cybernetics Core  
  19  1:26  Pylon  
  21  1:32  Zealot  
  21  1:39  Zealot  
  23  1:53  Assimilator  
  23  1:54  Probe (Chrono Boost)  
  24  2:04  Probe (Chrono Boost)  
  23  2:18  Warp Gate  
  23  2:25  Probe (Chrono Boost)  
  23  2:29  Stalker  
  26  2:39  Stalker  
  28  2:59  Stalker  
  30  3:12  Pylon  
  30  3:30  Stalker  
  32  3:38  Twilight Council  
  32  3:49  Stalker, Nexus  
  32  3:53  Pylon  
  34  4:30  Gateway x2  
  34  4:33  Gateway  
  34  4:35  Stalker x2  
  34  4:36  Pylon  
  38  4:39  Pylon  
  30  5:23  Probe (Chrono Boost)  
  30  5:24  Probe (Chrono Boost)  
  32  5:33  Probe (Chrono Boost)  
  32  5:35  Probe (Chrono Boost)  
  34  5:44  Probe (Chrono Boost)  
  34  5:45  Probe (Chrono Boost)  
  34  5:51  Stalker  
  34  5:52  Stalker x4  
  34  5:54  Probe (Chrono Boost)  
  34  5:56  Probe (Chrono Boost)  
  46  6:05  Probe (Chrono Boost)  
  46  6:06  Probe (Chrono Boost)  
  48  6:15  Probe (Chrono Boost)  
  48  6:17  Probe (Chrono Boost)  
  48  6:27  Probe (Chrono Boost)  
  49  6:39  Stalker  
  51  6:40  Stalker x4  
  59  6:48  Probe (Chrono Boost)  
  59  6:50  Probe (Chrono Boost)  
  61  6:59  Probe (Chrono Boost)  
  61  7:02  Probe (Chrono Boost)  
Show
View Real Time Build Order
Export as new Build Order

dallaskuken Protoss - Winner!

Build Orders:  

Get SALT Encoding   

  12  0:01  Probe (Chrono Boost)  
  13  0:12  Probe (Chrono Boost)  
  14  0:17  Pylon  
  14  0:22  Probe (Chrono Boost)  
  16  0:35  Probe (Chrono Boost)  
  16  0:37  Gateway  
  16  0:52  Probe (Chrono Boost)  
  17  1:02  Probe (Chrono Boost)  
  18  1:13  Probe (Chrono Boost)  
  19  1:20  Gateway  
  19  1:23  Probe (Chrono Boost)  
  19  1:25  Cybernetics Core  
  20  1:29  Pylon  
  20  1:33  Assimilator  
  20  1:34  Probe (Chrono Boost)  
  20  1:39  Assimilator  
  21  1:48  Probe (Chrono Boost)  
  22  2:10  Stalker  
  24  2:20  Probe (Chrono Boost)  
  24  2:21  Stalker  
  27  2:36  Pylon  
  27  2:38  Warp Gate  
  27  2:47  Mothership Core (Chrono Boost)  
  29  3:24  Stalker x2  
  33  3:48  Gateway x2  
  33  3:58  Stalker  
  33  3:59  Stalker  
  33  4:02  Nexus  
  37  4:04  Pylon  
  37  4:07  Pylon  
  37  4:21  Probe (Chrono Boost)  
  32  5:03  Stalker x4  
  36  5:26  Stalker  
  36  5:27  Stalker x3  
  44  5:29  Probe (Chrono Boost)  
  44  5:31  Probe (Chrono Boost)  
  46  5:40  Probe (Chrono Boost)  
  46  5:42  Probe (Chrono Boost)  
  48  5:50  Probe (Chrono Boost)  
  48  5:53  Probe (Chrono Boost)  
  46  6:01  Probe (Chrono Boost)  
  46  6:03  Probe (Chrono Boost)  
  48  6:07  Stalker x4  
  54  6:11  Probe (Chrono Boost)  
  49  6:49  Stalker x4  
Show
View Real Time Build Order
Export as new Build Order

Myran Protoss - Winner!

Build Orders:  

Get SALT Encoding   

  12  0:02  Probe (Chrono Boost)  
  13  0:12  Probe (Chrono Boost)  
  14  0:23  Pylon  
  14  0:25  Probe (Chrono Boost)  
  15  0:49  Probe (Chrono Boost)  
  16  0:52  Forge  
  16  1:00  Probe (Chrono Boost)  
  17  1:09  Pylon  
  17  1:17  Probe (Chrono Boost)  
  18  1:29  Photon Cannon  
  18  1:33  Probe (Chrono Boost)  
  18  1:37  Gateway  
  19  1:48  Probe (Chrono Boost)  
  20  1:57  Photon Cannon  
  20  2:05  Photon Cannon  
  20  2:08  Pylon  
  20  2:14  Photon Cannon  
  20  2:25  Photon Cannon  
  20  2:31  Photon Cannon  
  20  2:34  Pylon  
  20  2:47  Probe (Chrono Boost)  
  21  2:51  Assimilator  
  21  2:55  Assimilator  
  21  2:57  Probe (Chrono Boost)  
  22  2:59  Photon Cannon  
  22  3:09  Pylon  
  22  3:34  Pylon  
  22  3:46  Probe (Chrono Boost)  
  23  3:54  Nexus  
  23  3:57  Probe (Chrono Boost)  
  23  3:58  Photon Cannon  
  23  4:01  Photon Cannon  
  24  4:03  Pylon  
  23  4:25  Probe (Chrono Boost)  
  23  4:26  Zealot  
  23  4:30  Cybernetics Core  
  26  4:34  Gateway  
  26  4:35  Gateway, Probe (Chrono Boost)  
  27  4:40  Pylon  
  27  4:53  Zealot  
  27  4:57  Pylon  
  29  5:09  Probe (Chrono Boost)  
  30  5:20  Probe (Chrono Boost)  
  30  5:21  Stalker  
  33  5:27  Zealot  
  33  5:28  Zealot  
  37  5:30  Probe (Chrono Boost)  
  38  5:44  Probe (Chrono Boost)  
  39  5:51  Stalker  
  39  5:54  Stalker  
  39  5:55  Stalker, Probe (Chrono Boost)  
  46  6:03  Pylon  
  46  6:07  Probe (Chrono Boost)  
  46  6:08  Pylon  
  46  6:09  Probe (Chrono Boost)  
  48  6:11  Pylon  
  48  6:17  Probe (Chrono Boost)  
  49  6:19  Probe (Chrono Boost)  
  50  6:25  Stalker x2  
  50  6:26  Stalker  
  50  6:30  Probe (Chrono Boost)  
  58  6:32  Probe (Chrono Boost)  
  58  6:40  Probe (Chrono Boost)  
  58  6:43  Probe (Chrono Boost)  
  60  6:51  Probe (Chrono Boost)  
  61  7:01  Probe (Chrono Boost)  
Show
View Real Time Build Order
Export as new Build Order

AzErGtY Terran 

Build Orders: Reaper Expand 

Get SALT Encoding   

  12  0:01  SCV  
  13  0:13  SCV  
  14  0:24  Supply Depot  
  14  0:25  SCV  
  15  0:46  SCV  
  16  0:51  Barracks  
  16  0:55  Refinery  
  16  0:58  SCV  
  17  1:10  SCV  
  18  1:24  Command Center  
  18  1:29  SCV  
  19  1:41  SCV  
  19  1:42  Reaper  
  21  1:51  Barracks  
  21  1:57  Orbital Command  
  21  2:18  Factory  
  21  2:41  Reaper  
  21  2:47  Orbital Command  
  21  2:50  Refinery  
  21  2:51  Marine  
  22  3:02  Factory Tech Lab  
  22  3:06  Supply Depot  
  22  3:07  SCV  
  22  3:09  Marine  
  22  3:12  Supply Depot  
  24  3:19  SCV  
  25  3:23  Siege Tank  
  25  3:24  Marine  
  29  3:27  Marine  
  29  3:28  SCV  
  31  3:40  SCV  
  32  3:45  Marine  
  34  3:50  Barracks Reactor  
  34  3:52  SCV  
  34  4:03  Siege Tank  
  34  4:04  SCV  
  38  4:19  Marine  
  38  4:22  SCV x2  
  41  4:32  Marine x2  
  41  4:34  SCV  
  41  4:35  Siege Tank  
  41  4:37  Marine  
  47  4:50  Marine x2  
  46  4:55  Marine  
  39  5:07  Siege Tank  
  39  5:13  Marine  
  35  5:24  SCV  
  35  5:25  SCV  
  31  5:29  Marine x2  
  31  5:31  Marine  
  34  5:36  SCV  
  34  5:37  SCV  
  34  5:39  Siege Tank  
  35  5:47  Marine  
  27  6:08  Orbital Command  
  27  6:11  Siege Tank  
  28  6:35  Supply Depot  
  28  6:53  SCV  
Show
View Real Time Build Order
Export as new Build Order

BigCartmanX Protoss 

Build Orders: Cannon Rush 

Get SALT Encoding   

  12  0:01  Probe (Chrono Boost)  
  13  0:11  Probe (Chrono Boost)  
  14  0:19  Pylon  
  14  0:25  Probe (Chrono Boost)  
  15  0:37  Forge  
  15  1:02  Probe (Chrono Boost)  
  16  1:09  Pylon  
  16  1:22  Probe (Chrono Boost)  
  17  1:27  Photon Cannon  
  17  1:29  Photon Cannon  
  17  1:37  Probe (Chrono Boost)  
  18  1:41  Photon Cannon  
  18  1:45  Photon Cannon  
  18  1:51  Pylon  
  18  2:08  Pylon  
  13  2:22  Photon Cannon  
  7  3:14  Nexus  
  7  3:17  Pylon  
  7  4:28  Probe (Chrono Boost)  
  8  5:07  Probe (Chrono Boost)  
  8  5:13  Gateway  
  9  5:43  Probe (Chrono Boost)  
  10  5:53  Probe (Chrono Boost)  
Show
View Real Time Build Order
Export as new Build Order

marjito Protoss 

Build Orders:  

Get SALT Encoding   

  12  0:03  Probe (Chrono Boost)  
  13  0:13  Probe (Chrono Boost)  
  14  0:21  Pylon  
  14  0:41  Forge  
  14  0:43  Probe (Chrono Boost)  
  15  0:53  Probe (Chrono Boost)  
  17  1:04  Probe (Chrono Boost)  
  17  1:57  Pylon  
  16  2:38  Pylon  
  16  2:50  Photon Cannon  
  15  3:07  Photon Cannon  
  15  3:11  Photon Cannon  
  14  3:45  Assimilator  
  14  3:49  Assimilator  
  14  3:51  Gateway  
  14  3:53  Gateway  
  14  3:54  Gateway  
  14  3:56  Gateway  
  13  4:27  Photon Cannon  
  12  4:58  Photon Cannon  
  12  5:04  Zealot  
  12  5:05  Zealot x3  
  20  5:32  Zealot  
  22  6:04  Zealot  
  22  6:17  Cybernetics Core  
Tags
 
Add a new tag
Caveats
  • Supply blocks, unpowered buildings, or Contaminate may cause inaccurate times.
  • Supply counts are checked every 10 seconds.